 Dungeon Sprint DCSS version 0.17-a0-1954-g0dddeaa (webtiles) character file.

512 kosy22 the Ducker (level 6, -3/68 HPs)
             Began as a Troll Fighter on Oct 4, 2015.
             Was a Believer of Jiyva.
             Slain by a green ugly thing (14 damage)
             ... in the Dungeon (Sprint IX: "|||||||||||||||||||||||||||||").
             The game lasted 00:02:11 (262 turns).

kosy22 the Ducker (Troll Fighter)                    Turns: 262, Time: 00:02:11

Health: -3/68      AC:  8    Str: 27    XL:     6   Next: 99%
Magic:  0/5        EV: 13    Int:  4    God:    Jiyva [**....]
Gold:   0          SH: 10    Dex:  9    Spells: 0 memorised, 5 levels left

rFire  . . .     SeeInvis .     r - +1 broad axe (chop)
rCold  . . .     Clarity  .     a - +0 robe
rNeg   . . .     SustAt   .     b - +0 shield
rPois  .         Gourm    +     (helmet restricted)
rElec  .         Spirit   .     s - +0 cloak
rCorr  .         Warding  .     (gloves unavailable)
rMut   .         NoTele   +     (boots unavailable)
MR     .....                    (no amulet)
Stlth  +.........               p - +2 ring of protection
                                o - +2 ring of evasion

@: lethally poisoned (-3 -> -34), not resistant to hostile enchantments, very
unstealthy
A: unfitting armour, claws 3, fast metabolism 3, gourmand, regeneration 2,
shaggy fur 1, tough skin 2
a: Request Jelly, Jelly Paralyse, Renounce Religion


You were in the Dungeon.
You worshipped Jiyva.
Jiyva was pleased with you.
You were not hungry.

You visited 1 branch

Inventory:

Hand weapons
 q - a +2 rapier of distortion
 r - a +1 broad axe of chopping (weapon)
Armour
 a - a +0 robe (worn)
 b - a +0 shield (worn)
 s - a +0 cloak (worn)
Jewellery
 o - a +2 ring of evasion (left claw)
 p - a +2 ring of protection (right claw)
Magical devices
 n - a wand of draining (7)
Scrolls
 j - a scroll of blinking
 l - 3 scrolls of remove curse
 m - 2 scrolls of amnesia
Potions
 c - a potion of might
 e - 4 potions of curing
 f - 2 potions of heal wounds
 g - a potion of haste
 h - 4 potions of magic
 i - a potion of berserk rage
 k - a potion of invisibility
Comestibles
 d - 2 bread rations


   Skills:
 + Level 6.7 Fighting
 + Level 1.7 Axes
 + Level 7.4 Dodging
 + Level 6.8 Shields
 + Level 6.3 Unarmed Combat


You had 5 spell levels left.
You didn't know any spells.

Dungeon Overview and Level Annotations

Branches:
Dungeon (1/1)

Altars:
Cheibriados
Dithmenos
Elyvilon
Fedhas
Gozag
Kikubaaqudgha
Makhleb
Nemelex Xobeh
Okawaru
Qazlal
Ru
Sif Muna
Trog
Vehumet
Xom
Yredelemnul
Zin
The Shining One
Beogh
Jiyva
Lugonu


Innate Abilities, Weirdness & Mutations

You are too large for most types of armour.
You have claws for hands.
Your metabolism is lightning-fast.
You like to eat raw meat.
You heal very quickly.
You are covered in fur (AC +1).
You have very tough skin (AC +2).


Message History

You are lethally poisoned!
The green ugly thing poisons you!
You barely miss the green ugly thing.
The green ugly thing is moderately wounded.
You feel extremely sick.
The green ugly thing closely misses you.
The green ugly thing tentacle-slaps you!
* * * LOW HITPOINT WARNING * * *
You feel very sick.
Use which ability?
You call upon nearby slimes to pray to Jiyva.
* * * LOW HITPOINT WARNING * * *
You feel very sick.
The green ugly thing closely misses you.
Use which ability?
You feel slightly more hungry.
* * * LOW HITPOINT WARNING * * *
You feel very sick.
The green ugly thing tentacle-slaps you!
You die... ▓▓▓▓▓▓▓▓▓▓▓▓▓▓▓▓▓▓▓▓▓▓▓▓▓ _'.())[.[..'...J@uOoOol.. ▓▓▓▓▓▓▓▓▓▓▓▓▓▓▓▓▓▓▓▓▓▓▓▓▓

You could see a green ugly thing, a two-headed ogre, a wyvern, an ogre, 2 orcs and a neutral jelly (fellow slime).

Vanquished Creatures
  An orc warrior (D)
  A sky beast (D)
  2 black bears (D)
  A centaur (D)
  A crimson imp (D)
  A worker ant (D)
  An adder (D)
  An ooze (D)
  A worm (D)
  A giant gecko (D)
  An orc (D)
  2 kobolds (D)
  A goblin (D)
  A jackal (D)
16 creatures vanquished.

Notes
Turn   | Place    | Note
--------------------------------------------------------------
     0 | D        | kosy22 the Troll Fighter began the quest for the Orb.
     0 | D        | Reached XP level 1. HP: 22/22 MP: 0/0
    29 | D        | Reached skill level 3 in Fighting
    29 | D        | Reached XP level 2. HP: 17/31 MP: 1/1
    58 | D        | Noticed a crimson imp
    63 | D        | Killed a crimson imp
    63 | D        | Reached XP level 3. HP: 37/39 MP: 2/2
    68 | D        | Reached skill level 4 in Dodging
    80 | D        | Found a glowing silver altar of Zin.
    80 | D        | Found a glowing golden altar of the Shining One.
    80 | D        | Found an ancient bone altar of Kikubaaqudgha.
    80 | D        | Found a basalt altar of Yredelemnul.
    80 | D        | Found a shimmering altar of Xom.
    80 | D        | Found a radiant altar of Vehumet.
    81 | D        | Found an iron altar of Okawaru.
    82 | D        | Found a burning altar of Makhleb.
    83 | D        | Found a deep blue altar of Sif Muna.
    84 | D        | Found a bloodstained altar of Trog.
    85 | D        | Found a sparkling altar of Nemelex Xobeh.
    86 | D        | Found a white marble altar of Elyvilon.
    87 | D        | Found a roughly hewn altar of Beogh.
    88 | D        | Found a viscous altar of Jiyva.
    89 | D        | Found a corrupted altar of Lugonu.
    90 | D        | Found a blossoming altar of Fedhas.
    91 | D        | Found a snail-covered altar of Cheibriados.
    92 | D        | Found a shadowy altar of Dithmenos.
    93 | D        | Found a stormy altar of Qazlal.
    94 | D        | Found an opulent altar of Gozag.
    95 | D        | Found a sacrificial altar of Ru.
    96 | D        | Became a worshipper of Jiyva Junomam the Shapeless
   148 | D        | Noticed a black bear
   148 | D        | Noticed a black bear
   148 | D        | Noticed an orc warrior
   148 | D        | Noticed a sky beast
   148 | D        | Noticed a worker ant
   148 | D        | Noticed a centaur
   152 | D        | Killed a black bear
   152 | D        | Reached skill level 5 in Fighting
   152 | D        | Reached skill level 5 in Dodging
   152 | D        | Reached skill level 5 in Shields
   152 | D        | Reached XP level 4. HP: 36/50 MP: 3/3
   152 | D        | Reached XP level 5. HP: 41/57 MP: 4/4
   157 | D        | Acquired Jiyva's first power
   161 | D        | Acquired Jiyva's second power
   164 | D        | Killed a black bear
   164 | D        | Reached skill level 5 in Unarmed Combat
   170 | D        | Killed an orc warrior
   170 | D        | Reached skill level 6 in Fighting
   170 | D        | Reached skill level 1 in Axes
   170 | D        | Reached XP level 6. HP: 31/67 MP: 5/5
   186 | D        | Killed a sky beast
   188 | D        | Killed a worker ant
   188 | D        | Reached skill level 7 in Dodging
   192 | D        | Killed a centaur
   254 | D        | Noticed a green ugly thing
   254 | D        | Noticed a two-headed ogre
   254 | D        | Noticed an ogre
   254 | D        | Noticed a wyvern
   262 | D        | Slain by a green ugly thing

Vault maps used:
D:        linesprint

Action                   |  1- 3 |  4- 6 || total
-------------------------+-------+-------++-------
Melee: Unarmed           |    38 |       ||    38
       Broad axe         |     4 |    33 ||    37
Invok: Request Jelly     |       |     1 ||     1
       Jelly Paralyse    |       |     1 ||     1
  Use: Scroll            |       |     1 ||     1
       Potion            |       |     2 ||     2
